 Dungeon Crawl Stone Soup version 0.28-b1-25-g9875b3fc8c (webtiles) character file.

Game seed: 16966644352881480361

2583 dorian the Cleaver (level 9, -7/51 HPs)
             Began as a Gargoyle Fighter on Feb 7, 2022.
             Was an Elder of Elyvilon.
             Mangled by an orc warrior (15 damage)
             ... in a bailey.
             The game lasted 00:14:40 (7893 turns).

dorian the Cleaver (Gargoyle Fighter)               Turns: 7893, Time: 00:14:41

Health: -7/51      AC: 19    Str: 23    XL:     9   Next: 58%
Magic:  10/10      EV:  7    Int: 10    God:    Elyvilon [****..]
Gold:   325        SH:  4    Dex:  9    Spells: 8/8 levels left

rFire   . . .      SeeInvis .   a - +1 war axe (flame)
rCold   . . .      Faith    .   c - +0 buckler
rNeg    + . .      Spirit   .   v - +0 chain mail
rPois   ∞          Reflect  .   (no helmet)
rElec   +          Harm     .   A - scarf {repulsion}
rCorr   .          Rampage  .   o - +0 pair of gloves
Will    .....                   e - +2 pair of boots
Stlth   ..........              (no amulet)
HPRegen 0.17/turn               i - ring of flight
MPRegen 0.12/turn               (no ring)

@: flying, repel missiles
A: sickness immunity, AC +6, negative energy resistance 1, electricity
resistance, torment resistance 1, petrification resistance
a: Renounce Religion, Purification, Heal Other, Heal Self


You were in a bailey.
You worshipped Elyvilon.
Elyvilon was greatly pleased with you.
You visited 1 branch of the dungeon, and saw 7 of its levels.
You also visited: Bailey.

You collected 457 gold pieces.
You spent 132 gold pieces at shops.

Inventory:

Hand Weapons
 a - a +1 war axe of flaming (weapon)
 q - a +4 halberd
 y - a +1 vorpal flail
Missiles
 l - 2 boomerangs (quivered)
 w - 5 javelins
Armour
 c - a +0 buckler (worn)
 e - a +2 pair of boots (worn)
 o - a +0 pair of gloves (worn)
 v - a +0 chain mail (worn)
 A - a scarf of repulsion (worn)
Jewellery
 i - a ring of flight (left hand)
 n - a ring of fire
Wands
 b - a wand of acid (11)
 u - a wand of charming (14)
 x - a wand of flame (16)
Scrolls
 d - a scroll of identify
 f - 3 scrolls of teleportation
 k - a scroll of brand weapon
Potions
 g - a potion of ambrosia
 h - 4 potions of curing
 j - 3 potions of flight
 m - a potion of lignification {unknown}
 p - 2 potions of heal wounds
 r - a potion of mutation {unknown}
 s - a potion of resistance {unknown}
 t - 2 potions of attraction
 z - 2 potions of magic


   Skills:
 - Level 3.2 Fighting
 + Level 11.5 Axes
 - Level 3.2 Armour
 - Level 3.2 Shields
 + Level 2.6 Invocations


You had 8 spell levels left.
You didn't know any spells.
Your spell library contained the following spells:

 Spells                   Type           Power      Damage    Failure   Level
 Magic Dart               Conj           0%         1d3       99%         1
 Call Imp                 Summ           0%         N/A       99%         2
 Mephitic Cloud           Conj/Pois/Air  0%         N/A       100%        3


Dungeon Overview and Level Annotations

Branches:
Dungeon (7/15)             Temple (0/1) D:4          Bailey (1/1)

Altars:
Elyvilon
Ru
Uskayaw

Shops:
D:5 [

Annotations:
D:3 2 transporters, sanka's ghost, weakling HODe


Innate Abilities, Weirdness & Mutations

You are immune to sickness and miasma.
Your stone body is resilient. (AC +6)
You are immune to poison.
You resist negative energy. (rN+)
You are resistant to electric shocks. (rElec)
You are resistant to unholy torment.
You are immune to petrification.


Message History

There is an open gate here.
There is a fountain of clear blue water here.
Things that are here:
a +0 halberd; a +0 scale mail; an orc skeleton
Things that are here:
a +0 trident; a +0 ring mail; an orc skeleton You reach down and open the door.
There is an open door here.
The orc hits you but does no damage.
You hit the orc. You burn the orc.
The orc is severely wounded.
You block the orc's attack.
You hit the orc but do no damage.
The orc is severely wounded.
You block the orc warrior's attack. The orc hits you but does no damage.
You slash the orc! You burn the orc.
You kill the orc!
You block the orc warrior's attack.
The orc warrior hits you with a +0 trident!
The orc misses you.
You barely miss the orc warrior.
The orc warrior hits you with a +0 trident!
The orc hits you from afar with a +0 trident.
You slash the orc warrior! You burn the orc warrior.
The orc warrior is heavily wounded.
The orc warrior hits you but does no damage.
The orc hits you but does no damage.
You closely miss the orc warrior.
The orc warrior is heavily wounded.
The orc warrior hits you but does no damage.
The orc hits you but does no damage.
You barely miss the orc warrior.
The orc warrior is heavily wounded.
The orc warrior hits you with a +0 trident!
* * * LOW HITPOINT WARNING * * *
You block the orc's attack.
You hit the orc warrior. You burn the orc warrior.
The orc warrior is heavily wounded.
The orc warrior hits you with a +0 trident!
You die...

###################
##≈≈≈≈≈≈≈≈≈≈≈≈≈≈≈≈≈##
##...................##
#......o..o...........#
####o##########⌠.......
#≈...o@.......#####)...
#≈...≈≈≈≈≈≈≈≈≈....##)..
##≈..≈≈.......≈≈≈.⌠.#.).
##≈≈....≈≈≈≈≈≈≈).≈≈..#...
##≈≈...≈≈≈.....≈≈≈.≈≈.#⌠..
#≈≈⌠..≈≈..≈≈≈≈≈..≈≈.≈.##..
#≈≈..≈≈.≈≈≈...≈≈≈.≈.≈≈.#.o
#≈...≈.≈≈..⌠.⌠..≈.≈≈.≈.#..
#≈...≈.....∩∩∩..≈....≈.#..


You could see an orc warrior and an orc.

Vanquished Creatures
  Grinder (D:3)
  Sigmund (D:3)
  A steam dragon (D:4)
  3 orc warriors
  An ice beast (D:5)
  A black bear (D:7)
  A necrophage (D:5)
  A sky beast (D:7)
  3 ogres
  2 centaurs (Bailey)
  A phantom (D:5)
  A bullfrog (D:7)
  2 water moccasin zombies
  A water moccasin skeleton (D:5)
  A howler monkey (D:5)
  A centaur zombie (D:5)
  4 jellies
  3 centaur skeletons
  A hound (D:6)
  3 orc priests
  Jessica (D:3)
  4 orc wizards
  A hound zombie (D:5)
  3 gnolls (D:3)
  A howler monkey zombie (D:5)
  5 adders
  A white imp (D:6)
  2 adder skeletons (D:4)
  A worm (D:2)
  A dart slug (D:5)
  33 orcs
  3 endoplasms
  3 giant cockroaches
  10 goblins
  3 hobgoblins
  A quokka (D:1)
  10 ball pythons
  8 bats
  7 frilled lizards
  7 kobolds
  2 rats
140 creatures vanquished.

Notes
Turn   | Place    | Note
-------+----------+-------------------------------------------
     0 | D:1      | dorian the Gargoyle Fighter began the quest for the Orb.
     0 | D:1      | Reached XP level 1. HP: 14/14 MP: 1/1
    45 | D:1      | Reached skill level 2 in Axes
    62 | D:1      | Found a faded altar of an unknown god.
    63 | D:1      | Noticed a floating eye
    65 | D:1      | Noticed an eye of devastation
   157 | D:1      | Noticed a great orb of eyes
   157 | D:1      | Noticed a great orb of eyes
   184 | D:1      | Reached XP level 2. HP: 19/19 MP: 2/2
   212 | D:1      | Prayed at the altar of an unknown god.
   212 | D:1      | Became a worshipper of Elyvilon the Healer
   212 | D:1      | Reached * piety under Elyvilon
   935 | D:2      | Reached skill level 3 in Axes
  1071 | D:2      | Reached XP level 3. HP: 23/23 MP: 3/3
  1290 | D:2      | Found a hide-covered altar of Uskayaw.
  1428 | D:2      | Reached ** piety under Elyvilon
  1645 | D:3      | Reached skill level 4 in Axes
  1645 | D:3      | Reached XP level 4. HP: 26/28 MP: 4/4
  1645 | D:3      | Found a transporter.
  1739 | D:3      | Found a transporter.
  1752 | D:3      | Noticed sanka's ghost (weakling HODe)
  1752 | D:3      | Noticed an ogre
  2061 | D:3      | Noticed Grinder
  2071 | D:3      | Killed Grinder
  2072 | D:3      | Reached skill level 6 in Axes
  2072 | D:3      | Reached XP level 5. HP: 20/32 MP: 5/5
  2072 | D:3      | Reached XP level 6. HP: 24/37 MP: 6/6
  2392 | D:3      | Noticed Jessica
  2402 | D:3      | Killed Jessica
  2639 | D:3      | Noticed Sigmund
  2677 | D:3      | Killed Sigmund
  2678 | D:3      | Reached XP level 7. HP: 41/41 MP: 7/7
  2990 | D:4      | Reached skill level 7 in Axes
  3038 | D:4      | Noticed a steam dragon
  3050 | D:4      | Killed a steam dragon
  3268 | D:4      | Found a staircase to the Ecumenical Temple.
  3300 | D:4      | Reached *** piety under Elyvilon
  3647 | D:5      | Entered Level 5 of the Dungeon
  3826 | D:5      | Reached skill level 8 in Axes
  4086 | D:5      | Reached XP level 8. HP: 11/46 MP: 8/8
  4511 | D:5      | Reached skill level 9 in Axes
  4785 | D:5      | Found Huoti's Armour Emporium.
  4796 | D:5      | Bought a scarf of repulsion for 132 gold pieces
  5088 | D:5      | Elyvilon protects you from harm!
  5339 | D:5      | HP: 1/46 [ogre (20)]
  5899 | D:6      | Identified the +0 robe of the Midnight Sun {SInv}
  5913 | D:5      | Reached skill level 10 in Axes
  6310 | D:6      | Found a sacrificial altar of Ru.
  6429 | D:6      | Reached XP level 9. HP: 48/51 MP: 9/9
  6739 | D:7      | Reached **** piety under Elyvilon
  6783 | D:7      | Reached skill level 11 in Axes
  6811 | D:7      | Found a flagged portal.
  6954 | Bailey   | Entered a bailey
  7269 | Bailey   | Reached skill level 1 in Invocations
  7893 | Bailey   | Mangled by an orc warrior

Illustrated notes

Levels and vault maps discovered:
D:1:      minmay_arrival_nine_rooms, layout_rooms,
          hellmonk_ecumenical_altar_watching_god, minmay_quantized
D:2:      layout_rooms, basic_altar
D:3:      layout_basic, gammafunk_ghost_smash, minmay_between, uniq_sigmund,
          uniq_jessica, uniq_grinder
D:4:      layout_loops_cross, minmay_temple_entry_gardened_gates
D:5:      layout_gridville, serial_shops, shop
D:6:      layout_basic, mainiacjoe_overflow_24_doors, chequers_mini_garden
D:7:      minmay_s_stair_smasher, layout_gridville, enter_bailey_5,
          grunt_ogre_cave
Bailey:   bailey_polearm_flooded_kennysheep, bailey

Skill      XL: |  1  2  3  4  5  6  7  8  9 |
---------------+----------------------------+-----
Axes           | 2 3 4 6 8 10 11 | 11.5
Invocations    | 2 |  2.6
Fighting       | |  3.2
Armour         | |  3.2
Shields        | |  3.2

Action                   |  1- 3 |  4- 6 |  7- 9 || total
-------------------------+-------+-------+-------++-------
Melee: War axe           |   125 |    68 |   369 ||   562
Throw: Boomerang         |       |       |    27 ||    27
Evoke: Wand              |       |       |     1 ||     1
  Use: Potion            |       |     1 |       ||     1
       Scroll            |       |       |    10 ||    10
Armor: Scale mail        |   102 |    51 |       ||   153
       Chain mail        |       |       |   303 ||   303
Dodge: Dodged            |    79 |    21 |   129 ||   229
Block: Buckler           |    31 |    12 |    76 ||   119
